 Dungeon Crawl Stone Soup version 0.17.1-2-g5865329 (webtiles) character file.

69 Kloppie the Cudgeler (level 4, -8/60 HPs)
             Began as a Minotaur Berserker on Jan 25, 2016.
             Was a Believer of Trog.
             Mangled by a gnoll
             ... wielding a +1 spear of chaos
              (13 damage)
             ... on level 1 of the Dungeon.
             The game lasted 00:03:44 (1762 turns).

Kloppie the Cudgeler (Minotaur Berserker)           Turns: 1762, Time: 00:03:44

Health: -8/60      AC:  5    Str: 27    XL:     4   Next: 2%
Magic:  1/3        EV: 11    Int:  4    God:    Trog [**....]
Gold:   115        SH:  0    Dex: 10    Spells: 0 memorised, 3 levels left

rFire  . . .     SeeInvis .     a - +0 mace
rCold  . . .     Clarity  .     o - +0 ring mail
rNeg   . . .     SustAt   .     (no shield)
rPois  .         Gourm    .     (helmet restricted)
rElec  .         Spirit   .     (no cloak)
rCorr  .         Warding  .     (no gloves)
rMut   .         Stasis   .     (no boots)
MR     .....                    (no amulet)
Stlth  ..........               (no ring)
                                (no ring)

@: berserking, lethally poisoned (-8 -> -19), drained, very quick, not resistant
to hostile enchantments, extremely unstealthy
A: retaliatory headbutt, horns 2
a: Berserk, Trog's Hand, Burn Spellbooks, Renounce Religion


You were on level 1 of the Dungeon.
You worshipped Trog.
Trog was pleased with you.
You were not hungry.

You visited 1 branch of the dungeon, and saw 2 of its levels.

You collected 115 gold pieces.

Inventory:

Hand Weapons
 a - a +0 mace (weapon)
Armour
 b - a +0 animal skin
 l - a +0 leather armour
 o - a +0 ring mail (worn)
Jewellery
 e - an uncursed ring of flight {unknown}
 w - a cursed -2 ring of strength {unknown}
Wands
 t - a wand of confusion (25)
Scrolls
 i - a scroll of teleportation {unknown}
 m - 4 scrolls of fear {unknown}
 n - a scroll of fog {unknown}
 r - 2 scrolls of remove curse {unknown}
 s - 2 scrolls of identify {unknown}
 u - a scroll of enchant armour {unknown}
 v - a scroll of noise {unknown}
 y - a scroll of immolation {unknown}
Potions
 d - a potion of magic {unknown}
 f - a potion of flight {unknown}
 h - 3 potions of brilliance {unknown}
 k - a potion of heal wounds {unknown}
 p - a potion of resistance {unknown}
 q - a potion of poison {unknown}
 x - a potion of cancellation {unknown}
Comestibles
 c - 3 bread rations
 g - a meat ration


   Skills:
 + Level 4.1(3.9) Fighting
 + Level 4.4(4.1) Maces & Flails
 + Level 3.5(3.3) Armour
 + Level 2.9(2.6) Dodging


You had 3 spell levels left.
You didn't know any spells.

Dungeon Overview and Level Annotations

Branches:
Dungeon (2/15)

Altars:


Innate Abilities, Weirdness & Mutations

You reflexively headbutt those who attack you in melee.
You have a pair of horns on your head.


Message History

You suddenly lose the ability to move!
The gnoll hits you but does no damage.
The gnoll hits you with a spear of chaos.
* * * LOW HITPOINT WARNING * * *
You are lethally poisoned!
* * * LOW HITPOINT WARNING * * *
You feel sick.
The gnoll hits you with a spear of chaos.
* * * LOW HITPOINT WARNING * * *
The gnoll burns you.
* * * LOW HITPOINT WARNING * * *
You can move again.
A red film seems to cover your vision as you go berserk!
You feel yourself moving faster!
You feel mighty!
You feel somewhat more hungry.
* * * LOW HITPOINT WARNING * * *
You feel sick.
The gnoll hits you with a spear of chaos.
* * * LOW HITPOINT WARNING * * *
You are electrocuted!
You die...

.........#..........#############
#.....######........#...........#
..##### #........#.....(.....#
.####### #........#†..........#
.......# #.........)...........
.......# #........#............
.......# #.....####............
.......#####...g.# ############.
#...............@# #.
####...♣♣♣...###g# #. ##.♣# #♣..#
#.# #. #.♣ ♣.## #.# #. #.♣# #♣.#
#.# #. #..♣♣♣..# #.# #. #.......#
#.# #. #...##.## #.# #. #..###.#
#.# #.


You could see 2 gnolls.

Vanquished Creatures
  A gnoll (D:2)
  2 adders (D:2)
  An ooze (D:1)
  2 worms
  5 bats
  9 goblins
  4 hobgoblins (D:1)
  4 kobolds
  3 giant newts
  6 rats
37 creatures vanquished.

Notes
Turn   | Place    | Note
--------------------------------------------------------------
     0 | D:1      | Kloppie the Minotaur Berserker began the quest for the Orb.
     0 | D:1      | Reached XP level 1. HP: 19/19 MP: 0/0
   181 | D:1      | Reached XP level 2. HP: 27/27 MP: 1/1
   585 | D:1      | Reached skill level 4 in Maces & Flails
   788 | D:1      | Reached XP level 3. HP: 24/33 MP: 2/2
  1105 | D:2      | Reached ** piety under Trog
  1446 | D:2      | Reached XP level 4. HP: 23/40 MP: 3/3
  1760 | D:1      | Paralysed by a gnoll for 2 turns
  1762 | D:1      | Mangled by a gnoll

Action                   |  1- 3 |  4- 6 || total
-------------------------+-------+-------++-------
Melee: Mace              |    74 |     4 ||    78
Invok: Berserk           |       |     1 ||     1
  Eat: Chunk             |     1 |       ||     1
       Beef jerky        |       |     1 ||     1
